 Dungeon Crawl Stone Soup version 0.30-a0-223-gcb0039aa0c (webtiles) character file.

Game seed: 3314499643846336241

1171 qw the Cleaver (level 8, -15/48 HPs)
             Began as a Gargoyle Fighter on Oct 9, 2022.
             Demolished by an ogre
             ... wielding a +0 giant club
              (19 damage)
             ... on level 5 of the Dungeon.
             The game lasted 00:01:20 (3457 turns).

qw the Cleaver (Gargoyle Fighter)                   Turns: 3457, Time: 00:01:21

Health: -15/48     AC: 15    Str: 21    XL:     8   Next: 41%
Magic:  8/8        EV:  7    Int: 10    God:
Gold:   265        SH:  4    Dex:  9    Spells: 7/7 levels left

rFire   . . .      SeeInvis .    b - +1 war axe (spect)
rCold   . . .      Faith    .    c - +0 buckler
rNeg    + . .      Spirit   .    f - +0 chain mail
rPois   inf        Reflect  .    (no helmet)
rElec   +          Harm     .    (no cloak)
rCorr   +          Rampage  .    r - +0 pair of gloves
Will    .....                    (no boots)
Stlth   ..........               (no amulet)
HPRegen 0.28/turn                o - ring of resist corrosion
MPRegen 0.11/turn                (no ring)

@: no status effects
A: sickness immunity, AC +5, negative energy resistance 1, electricity
resistance, torment resistance 1, petrification resistance
a: no special abilities


You were on level 5 of the Dungeon.
You visited 1 branch of the dungeon, and saw 5 of its levels.

You collected 265 gold pieces.


Innate Abilities, Weirdness & Mutations

You are immune to sickness and miasma.
Your stone body is resilient. (AC +5)
You are immune to poison.
You resist negative energy. (rN+)
You are resistant to electric shocks. (rElec)
You are resistant to unholy torment.
You are immune to petrification.


   Skills:
 + Level 4.5 Fighting
 - Level 8.5 Axes
 - Level 3.2 Armour
 - Level 1.2 Dodging
 - Level 3.2 Shields


You had 7 spell levels left.
You didn't know any spells.
Your spell library was empty.

Inventory:

Hand Weapons
 b - a +1 spectral war axe (weapon)
 p - a +0 flail
Armour
 c - a +0 buckler (worn)
 f - a +0 chain mail (worn)
 r - a +0 pair of gloves (worn)
Jewellery
 o - a ring of resist corrosion (left hand)
Scrolls
 a - 2 scrolls of brand weapon
 n - a scroll of identify
Potions
 d - a potion of might
 i - a potion of resistance
 k - a potion of lignification
 m - 2 potions of curing
 q - a potion of magic {unknown}

Dungeon Overview and Level Annotations

Branches:
Dungeon (5/15)
 Temple: D:4-7

Altars:
Gozag
Uskayaw
Xom
Yredelemnul


Message History

The iguana is heavily wounded.
The iguana bites you but does no damage.
You hit the iguana.
The iguana is severely wounded.
The iguana bites you!
3446 ||| DRINKING 2 potions of heal wounds.
You feel much better.
An ogre comes into view. It is wielding a +0 giant club.
The iguana bites you but does no damage.
You hit the iguana.
The iguana is almost dead.
The iguana bites you. x2
You hit the iguana but do no damage.
The iguana is almost dead.
The iguana bites you!
You barely miss the iguana.
The iguana is almost dead.
The iguana bites you.
3450 ||| DRINKING potion of heal wounds.
You feel much better. The ogre hits you with a +0 giant club!
You block the iguana's attack.
You slash the iguana!
You kill the iguana!
You barely miss the ogre. You barely miss the ogre.
The ogre hits you with a +0 giant club!
You barely miss the ogre. You block the ogre's attack.
You hit the ogre.
The ogre is lightly wounded.
The ogre hits you but does no damage.
You closely miss the ogre.
The ogre is lightly wounded.
The ogre hits you with a +0 giant club.
You slash the ogre!
The ogre is moderately wounded.
You slash the ogre!
The ogre is almost dead.
The ogre hits you with a +0 giant club!!
You die...

##....##.%#......
.................
.................
#.######.######.#
#.# . #.# #^# #.#
#@# #O#)# ..# #..
.... .... #....
$.... .#... .8...
#... ..8. .#..
....


You could see an ogre.

Vanquished Creatures
  Pikel (D:5)
  A centaur (D:5)
  A lemure (D:5)
  2 scorpions (D:3)
  4 wights (D:4)
  A jelly (D:4)
  Jessica (D:2)
  2 iguanas (D:5)
  9 adders
  3 worms
  2 dart slugs
  3 orcs
  3 ball pythons
  6 endoplasms
  9 goblins
  8 hobgoblins
  5 kobolds
  2 quokkas
  7 bats
  7 frilled lizards
  3 rats
80 creatures vanquished.

Notes
Turn   | Place    | Note
-------+----------+-------------------------------------------
     0 | D:1      | qw the Gargoyle Fighter began the quest for the Orb.
     0 | D:1      | Reached XP level 1. HP: 14/14 MP: 1/1
     0 | D:1      | 0 ||| qw: Version: 0.2-a-17-g06abaee
     0 | D:1      | 0 ||| qw: Game counter: 2188
     0 | D:1      | 0 ||| qw: Always use a shield: true
     0 | D:1      | 0 ||| qw: God list: Okawaru
     0 | D:1      | 0 ||| qw: Allow faded altars: false
     0 | D:1      | 0 ||| qw: Do Orc after D:15 true
     0 | D:1      | 0 ||| qw: Do second Lair branch before Depths: true
     0 | D:1      | 0 ||| qw: Lair rune preference: random
     0 | D:1      | 0 ||| qw: Plans: Normal, Zot:1-4, God:TSO, Crypt, Tomb,
                  | Pan, Slime:5, Hells, Abyss, Orb
     0 | D:1      | 0 ||| PLANNING D:1-11
    38 | D:1      | Reached skill level 2 in Axes
   196 | D:1      | 196 ||| Stepping ~*~*~tactically~*~*~ (stealth).
   206 | D:1      | Reached XP level 2. HP: 19/19 MP: 2/2
   368 | D:1      | Found a faded altar of an unknown god.
   647 | D:1      | 647 ||| DROPPING +0 club.
   826 | D:1      | 826 ||| UPGRADING to +0 chain mail.
   836 | D:1      | 836 ||| DROPPING +0 scale mail.
   837 | D:1      | 837 ||| READING scroll labelled COPEFO GIMYLO.
   838 | D:1      | 838 ||| READING scroll labelled ASUTIQ MYDOT.
   839 | D:1      | 839 ||| DRINKING 2 murky clear potions.
   840 | D:1      | 840 ||| DRINKING 2 viscous puce potions.
   841 | D:1      | 841 ||| DRINKING 2 fizzy emerald potions.
   884 | D:1      | 884 ||| DROPPING potion of flight.
   931 | D:2      | Reached skill level 3 in Axes
   931 | D:2      | Reached XP level 3. HP: 23/23 MP: 3/3
   948 | D:2      | 948 ||| Stepping ~*~*~tactically~*~*~ (stealth).
  1120 | D:2      | Reached XP level 4. HP: 17/28 MP: 4/4
  1186 | D:2      | 1186 ||| FLEEEEING.
  1187 | D:2      | 1187 ||| FLEEEEING.
  1188 | D:2      | 1188 ||| FLEEEEING.
  1189 | D:2      | 1189 ||| FLEEEEING.
  1190 | D:2      | 1190 ||| FLEEEEING.
  1191 | D:2      | 1191 ||| FLEEEEING.
  1192 | D:2      | 1192 ||| FLEEEEING.
  1193 | D:2      | 1193 ||| FLEEEEING.
  1301 | D:2      | Noticed Jessica
  1302 | D:2      | 1302 ||| Stepping ~*~*~tactically~*~*~ (stealth).
  1313 | D:2      | 1313 ||| Stepping ~*~*~tactically~*~*~ (stealth).
  1315 | D:2      | 1315 ||| Stepping ~*~*~tactically~*~*~ (stealth).
  1316 | D:2      | 1316 ||| Stepping ~*~*~tactically~*~*~ (stealth).
  1318 | D:2      | 1318 ||| Stepping ~*~*~tactically~*~*~ (stealth).
  1332 | D:2      | Reached skill level 4 in Axes
  1332 | D:2      | 1332 ||| Stepping ~*~*~tactically~*~*~ (hiding).
  1338 | D:2      | Killed Jessica
  1491 | D:2      | 1491 ||| Stepping ~*~*~tactically~*~*~ (hiding).
  1798 | D:2      | 1798 ||| READING 3 scrolls labelled PIRCHU BIYGOHI.
  1799 | D:2      | 1799 ||| READING 2 scrolls labelled UDAUXT DOSTEETYM.
  1800 | D:2      | 1800 ||| READING scroll labelled HAISI TOWKONG.
  1804 | D:2      | 1804 ||| READING 2 scrolls labelled VOUGGO CADA.
  1805 | D:2      | 1805 ||| DROPPING scroll of vulnerability.
  1937 | D:3      | Found a hide-covered altar of Uskayaw.
  1942 | D:3      | Noticed a scorpion
  1948 | D:3      | Killed a scorpion
  1949 | D:3      | Reached skill level 5 in Axes
  1949 | D:3      | Reached XP level 5. HP: 32/32 MP: 5/5
  2017 | D:3      | 2017 ||| Stepping ~*~*~tactically~*~*~ (stealth).
  2018 | D:3      | 2018 ||| Stepping ~*~*~tactically~*~*~ (stealth).
  2077 | D:3      | Found a shimmering altar of Xom.
  2099 | D:3      | Found an opulent altar of Gozag.
  2156 | D:3      | Reached XP level 6. HP: 38/39 MP: 6/6
  2591 | D:3      | 2591 ||| UPGRADING to ring of resist corrosion.
  2592 | D:3      | 2592 ||| READING 2 scrolls labelled HEGATHOACA.
  2593 | D:3      | 2593 ||| READING scroll of enchant weapon.
  2593 | D:3      | 2593 ||| ENCHANTING +0 spectral war axe.
  2594 | D:3      | 2594 ||| DRINKING 2 clear potions.
  2595 | D:3      | 2595 ||| DRINKING 3 sapphire potions.
  2596 | D:3      | 2596 ||| READING 2 scrolls of identify.
  2596 | D:3      | 2596 ||| IDENTIFYING white potion
  2597 | D:3      | 2597 ||| DROPPING potion of brilliance.
  2598 | D:3      | 2598 ||| DROPPING potion of degeneration.
  2819 | D:4      | 2819 ||| Stepping ~*~*~tactically~*~*~ (stealth).
  2839 | D:4      | Reached skill level 6 in Axes
  2849 | D:4      | Reached skill level 1 in Dodging
  2849 | D:4      | Reached XP level 7. HP: 39/44 MP: 7/7
  2867 | D:4      | 2867 ||| DROPPING +0 whip.
  2886 | D:4      | 2886 ||| Stepping ~*~*~tactically~*~*~ (stealth).
  2891 | D:4      | 2891 ||| Stepping ~*~*~tactically~*~*~ (stealth).
  2914 | D:4      | 2914 ||| Stepping ~*~*~tactically~*~*~ (stealth).
  2915 | D:4      | 2915 ||| Stepping ~*~*~tactically~*~*~ (stealth).
  3186 | D:4      | Found a basalt altar of Yredelemnul.
  3295 | D:4      | 3295 ||| UPGRADING to +0 pair of gloves.
  3300 | D:4      | 3300 ||| READING scroll labelled MATESCHIZXUW.
  3301 | D:4      | 3301 ||| READING scroll labelled MEZ LUPIDWI.
  3302 | D:4      | 3302 ||| READING scroll labelled ULIYROMPOOP.
  3303 | D:4      | 3303 ||| READING 3 scrolls of identify.
  3303 | D:4      | 3303 ||| IDENTIFYING bubbling green potion
  3304 | D:4      | 3304 ||| READING 2 scrolls of identify.
  3304 | D:4      | 3304 ||| IDENTIFYING golden potion
  3305 | D:4      | 3305 ||| DROPPING potion of berserk rage.
  3351 | D:5      | Entered Level 5 of the Dungeon
  3357 | D:5      | 3357 ||| STAIRDANCE
  3408 | D:5      | Noticed Pikel
  3437 | D:5      | HP: 9/44 [Pikel/+1 whip of freezing (4)]
  3438 | D:5      | 3438 ||| DRINKING 3 potions of heal wounds.
  3441 | D:5      | Killed Pikel
  3442 | D:5      | Reached skill level 8 in Axes
  3442 | D:5      | Reached XP level 8. HP: 24/48 MP: 8/8
  3445 | D:5      | HP: 7/48 [iguana (8)]
  3446 | D:5      | 3446 ||| DRINKING 2 potions of heal wounds.
  3450 | D:5      | 3450 ||| DRINKING potion of heal wounds.
  3452 | D:5      | HP: 7/48 [ogre/+0 giant club (17)]
  3455 | D:5      | HP: 3/48 [ogre/+0 giant club (5)]
  3457 | D:5      | Demolished by an ogre

Levels and vault maps discovered:
D:1:      dpeg_arrival_boxes_within_box, layout_basic, basic_ecumenical_altar,
          minmay_quantized
D:2:      layout_rooms, serial_corexii_hall, corexii_hall_statues_t,
          chequers_hall_statues_wall_a, chequers_hall_statues_y,
          corexii_hall_statues_l, hex_large, minmay_goblin_outpost, uniq_jessica
D:3:      layout_basic, eat_drink_and_be_merry_uskayaw, grunt_gozag_statues,
          mainiacjoe_overflow_brackets, kennysheep_generic_room_8
D:4:      layout_loops_ring, mainiacjoe_overflow_boulevard
D:5:      wad_pebble_path, layout_rooms, grunt_qazlal_clouds,
          mainiacjoe_overflow_big_doors, uniq_pikel

Skill      XL: |  1  2  3  4  5  6  7 |
---------------+----------------------+-----
Axes           | 2 3 5 6 8 |  8.5
Fighting       | 4 |  4.5
Dodging        | 1 |  1.2
Armour         | |  3.2
Shields        | |  3.2

Action                   |  1- 3 |  4- 6 |  7- 9 || total
-------------------------+-------+-------+-------++-------
Melee: War axe           |    82 |    86 |    64 ||   232
  Use: Potion            |     3 |     2 |     3 ||     8
       Scroll            |     2 |     7 |     5 ||    14
Armor: Scale mail        |    14 |       |       ||    14
       Chain mail        |    32 |    40 |    38 ||   110
Dodge: Dodged            |    31 |    23 |    20 ||    74
Block: Buckler           |    13 |    10 |    12 ||    35

Table legend:
 A = Non-vault XP
 B = Vault XP
 C = Vault XP percentage of total XP
 D = Non-vault monster count
 E = Vault monster count
 F = Vault count percentage of total count
                 A         B        C        D         E       F
            +---------+---------+-------+---------+---------+-------
      Total |     889 |     785 |  46.9 |      67 |      12 |  15.2
            +---------+---------+-------+---------+---------+-------
        D:1 |      25 |       1 |   3.8 |      15 |       1 |   6.2
        D:2 |      66 |      53 |  44.5 |      17 |       9 |  34.6
        D:3 |     194 |      13 |   6.3 |      11 |       1 |   8.3
        D:4 |     393 |       0 |   0.0 |      18 |       0 |   0.0
        D:5 |     211 |     718 |  77.3 |       6 |       1 |  14.3
            +---------+---------+-------+---------+---------+-------
